 Dungeon Crawl Stone Soup version 0.26.1-11-gd32895ea62 (webtiles) character file.

Game seed: 18010133211474992817

261 Zeld the Skirmisher (level 6, -3/45 HPs)
             Began as an Octopode Monk on May 18, 2021.
             Slain by a hobgoblin (6 damage)
             ... led by Robin
             ... on level 4 of the Dungeon.
             The game lasted 00:02:58 (4178 turns).

Zeld the Skirmisher (Octopode Monk)                 Turns: 4178, Time: 00:03:00

Health: -3/45      AC:  1    Str: 10    XL:     6   Next: 18%
Magic:  6/6        EV: 16    Int: 12    God:
Gold:   200        SH:  0    Dex: 17    Spells: 5/5 levels left

rFire    . . .     SeeInvis .   l - +2 quarterstaff (chaos)
rCold    . . .     Faith    .   (shield currently unavailable)
rNeg     . . .     Spirit   .   (helmet restricted)
rPois    .         Reflect  .   (no amulet)
rElec    .         Harm     .   (no ring)
rCorr    .         Rampage  .   (no ring)
Will     .....                  (no ring)
Stlth    ++++......             (no ring)
HPRegen  0.15/turn              (no ring)
MPRegen  0.10/turn              (no ring)
                                (no ring)
                                (no ring)

@: no status effects
A: almost no armour, stealthy swim, amphibious, 8 rings, constrict 8, camouflage
1, gelatinous body 1
a: no special abilities


You were on level 4 of the Dungeon.
You visited 1 branch of the dungeon, and saw 4 of its levels.

You collected 200 gold pieces.

Inventory:

Hand Weapons
 l - a +2 quarterstaff of chaos (weapon)
Jewellery
 j - an uncursed ring of wizardry {unknown}
Wands
 f - a wand of iceblast (8)
Scrolls
 a - 9 scrolls of identify {unknown}
 d - a scroll of amnesia {unknown}
 g - 3 scrolls of magic mapping {unknown}
 h - a scroll of fog {unknown}
 k - a scroll of random uselessness {unknown}
Potions
 c - 2 potions of lignification {unknown}
 e - a potion of mutation {unknown}
 i - a potion of flight {unknown}


   Skills:
 * Level 5.2 Fighting
 * Level 5.1 Dodging
 - Level 2.6 Stealth
 - Level 3.0 Unarmed Combat


You had 5 spell levels left.
You didn't know any spells.
Your spell library was empty.

Dungeon Overview and Level Annotations

Branches:
Dungeon (4/15)             Temple (0/1) D:4

Altars:

Annotations:
D:3 1 runed translucent door, Zeld's ghost, amateur OpMo
D:4 Robin


Innate Abilities, Weirdness & Mutations

You cannot wear most types of armour.
You are very stealthy in the water. (Stealth+)
You are amphibious.
You can wear up to eight rings at the same time.
You can use your tentacles to constrict eight enemies at once.
Your skin changes colour to match your surroundings (Stealth+).
Your rubbery body absorbs attacks. (AC +1, EV +1)


Message History

You kill the goblin!
The goblin hits you with a +0 club. The goblin hits you with a +0 dagger.
The hobgoblin misses you. The goblin closely misses you.
The hobgoblin hits you with a +0 club. The goblin misses you.
You are too injured to fight recklessly!
You are too injured to fight recklessly!
You are too injured to fight recklessly!
The goblin splashes around in the water.
The hobgoblin hits you with a +0 club!
* * * LOW HITPOINT WARNING * * *
Robin throws the goblin at you!
* * * LOW HITPOINT WARNING * * *
As you read the scroll labelled ALUITW GYIMA, it crumbles to dust.
You feel blessed for a moment.
It was a scroll of remove curse.
The goblin hits you with a +0 dagger.
* * * LOW HITPOINT WARNING * * *
The goblin hits you with a +0 dagger.
* * * LOW HITPOINT WARNING * * *
The hobgoblin completely misses you. The hobgoblin hits you.
You die...

........##.......##
#$..<#......#..# .##
#.....#....##..###..#
#....................
#...#.#.....≈≈≈......
##..#.#.#..≈§§≈≈.#..#
#.........≈§o§§§≈..#
...........≈gggg§≈..#
#...###.....≈gg@≈§≈###
#... #......ggg§g≈.#
#........§≈≈..#
#....#.l....###
#.####......# #.
#...#..## ....###.#
.#.. .##


You could see an iguana, Robin, an orc, 3 hobgoblins and 6 goblins.

Vanquished Creatures
  Crazy Yiuf (D:3)
  3 orc priests
  Terence (D:3)
  3 adders (D:3)
  A worm (D:2)
  A dart slug (D:1)
  2 leopard geckos
  12 orcs
  5 bats
  4 giant cockroaches
  12 goblins
  5 hobgoblins
  6 jackals
  A quokka (D:3)
  2 ball pythons
  3 frilled lizards (D:2)
  4 kobolds
  9 rats
75 creatures vanquished.

Notes
Turn   | Place    | Note
-------+----------+-------------------------------------------
     0 | D:1      | Zeld the Octopode Monk began the quest for the Orb.
     0 | D:1      | Reached XP level 1. HP: 16/16 MP: 1/1
   375 | D:1      | Reached XP level 2. HP: 8/21 MP: 2/2
  1083 | D:2      | Reached XP level 3. HP: 23/26 MP: 3/3
  1970 | D:3      | Reached XP level 4. HP: 29/33 MP: 4/4
  2079 | D:3      | Found a runed translucent door.
  2080 | D:3      | Noticed Crazy Yiuf
  2107 | D:3      | Found a runed translucent door.
  2107 | D:3      | Noticed a bullfrog
  2329 | D:2      | Reached XP level 5. HP: 6/38 MP: 5/5
  3175 | D:3      | Noticed Terence
  3182 | D:3      | Killed Terence
  3483 | D:3      | Reached skill level 5 in Fighting
  3490 | D:3      | Reached skill level 5 in Dodging
  3507 | D:3      | Reached XP level 6. HP: 36/45 MP: 6/6
  3613 | D:3      | Noticed Zeld's ghost (amateur OpMo)
  3972 | D:3      | Killed Crazy Yiuf
  4166 | D:4      | Found a staircase to the Ecumenical Temple.
  4169 | D:4      | Noticed Robin
  4178 | D:4      | Slain by a hobgoblin

Illustrated notes

Levels and vault maps discovered:
D:1:      elethiomel_arrival_quiet, layout_loops_ring
D:2:      layout_basic, amcnicky_mini_pool_small
D:3:      layout_basic, ebering_ghost_sewer_d, uniq_terence,
          uniq_crazy_yiuf_cottage
D:4:      layout_cave_pools, minmay_temple_entry_mist, serial_shops,
          nicolae_shop_window_shopping, gup_sewer_entry_bowl,
          ebering_dispersal_statue_hall, fedhas_bush_and_centaur_altar,
          uniq_robin

Skill      XL: |  1  2  3  4  5 |
---------------+----------------+-----
Fighting       | 4 5 |  5.2
Dodging        | 4 5 |  5.1
Stealth        | |  2.6
Unarmed Combat | |  3.0

Action                   |  1- 3 |  4- 6 || total
-------------------------+-------+-------++-------
Melee: Unarmed           |    81 |    94 ||   175
       Constrict         |    28 |    28 ||    56
       Tentacles         |    19 |    20 ||    39
       Punch             |       |     4 ||     4
       Quarterstaff      |       |     4 ||     4
  Use: Scroll            |       |     1 ||     1
 Stab: Sleeping          |    10 |     4 ||    14
       Distracted        |     1 |     2 ||     3
Armor: Skin              |     5 |     3 ||     8
Dodge: Dodged            |    64 |    75 ||   139
